 Dungeon Crawl Stone Soup version 0.31-a0-744-gbc345e7fcb (webtiles) character file.

Game seed: 17058185155542869290

8 Bravepunisher the Ducker (level 2, 0/16 HPs)
             Began as a Spriggan Monk on Sept 13, 2023.
             Slain by an orc
             ... wielding a +0 short sword
              (1 damage)
             ... on level 5 of the Dungeon.
             The game lasted 00:01:33 (317 turns).

Bravepunisher the Ducker (Spriggan Monk)             Turns: 317, Time: 00:01:34

Health: 0/16       AC:  2    Str:  7    XL:     2   Next: 0%
Magic:  3/3        EV: 19    Int: 11    God:
Gold:   15         SH:  0    Dex: 17    Spells: 1/1 levels left

rFire   . . .        a - +0 short sword
rCold   . . .        d - orb {light}
rNeg    . . .        b - +0 robe
rPois   .            (helmet restricted)
rElec   .            (no cloak)
rCorr   .            (gloves unavailable)
SInv    +            (boots unavailable)
Will    .....        (no amulet)
Stlth   +            (no ring)
HPRegen 0.22/turn    (no ring)
MPRegen 0.08/turn

%: no passive effects
@: glowing, very quick
A: very small, no large weapons, unfitting armour, see invisible, speed 3
a: no special abilities


You were on level 5 of the Dungeon.
You visited 1 branch of the dungeon, and saw 5 of its levels.

You collected 15 gold pieces.

Inventory:

Hand Weapons
 a - a +0 short sword (weapon)
Armour
 b - a +0 robe (worn)
 d - an orb of light (worn)
Potions
 c - a potion of ambrosia


   Skills:
 + Level 2.5 Fighting
 - Level 3.2 Short Blades
 * Level 4.5 Dodging


You had one spell level left.
You didn't know any spells.
Your spell library was empty.

Dungeon Overview and Level Annotations

Branches:
Dungeon (5/15)
 Temple: D:4-7

Altars:
Gozag


Innate Abilities, Weirdness & Mutations

You are very small and have problems with some larger weapons.
You are too small for most types of armour.
You have supernaturally acute eyesight. (SInv)
You cover ground extremely quickly. (Speed+++)


Message History

An orc priest comes into view. It is wielding a +0 hand axe.
The orc priest shouts!
You hear a shout!
An orc comes into view. It is wielding a +0 flail.
Found a stone staircase leading up.
An orc wizard and an orc come into view.
Found 29 gold pieces.
Found a stone staircase leading down.
The orc wizard shouts!
The orc shouts!
The orc priest looks braver for a moment.
The kobold attacks as it pursues you! The kobold barely misses you.
Found an opulent altar of Gozag.
You see here 10 gold pieces.
Found 8 gold pieces.
Found a scroll labelled WIUZXAA ZUEVAE.
A hobgoblin comes into view.
The hobgoblin shouts!
Found a ring mail.
The hobgoblin completely misses you.
Found a throwing net.
Found a scroll labelled XAUJUBB AQUXT.
Found a quarterstaff.
An iguana comes into view.
You see here a throwing net.
The orc priest invokes the aid of Beogh against you.
Beogh smites you!
Ouch! That really hurt!
You see here a +0 quarterstaff.
A quokka comes into view.
Found a stone staircase leading down.
There is an escape hatch in the floor here.
The orc priest begins to cast a cantrip, but forgets the words!
You slide downwards.
The hatch slams shut behind you.
The orc priest shouts!
The orc shouts!
The orc wizard shouts!
You hear an angry hiss.
An adder comes into view.
The orc priest calls down the wrath of Beogh upon you.
Pain shoots through your body!
Ouch! That really hurt!
* * * LOW HITPOINT WARNING * * *
The orc hits you with a +0 short sword.
You die...

### . .. #.
#.
#.S##.####
.......#
#...o.#
#....o#
#..o@.#
#......o.#
..........#
..........#
..#.#####.#
. #. .# #
.# /#


You could see 2 orc priests, an orc wizard, an adder and an orc.

Vanquished Creatures
  A ball python (D:1)
  3 jackals (D:1)
  A quokka (D:2)
  A bat (D:2)
  A rat (D:1)
7 creatures vanquished.

Notes
Turn   | Place    | Note
-------+----------+-------------------------------------------
     0 | D:1      | Bravepunisher the Spriggan Monk began the quest for the
                  | Orb.
     0 | D:1      | Reached XP level 1. HP: 11/11 MP: 2/2
   183 | D:2      | Reached XP level 2. HP: 16/16 MP: 3/3
   229 | D:5      | Entered Level 5 of the Dungeon
   229 | D:5      | Noticed a scorpion
   258 | D:4      | Noticed a scorpion
   272 | D:4      | Found an opulent altar of Gozag.
   317 | D:5      | Slain by an orc

Illustrated notes

Levels and vault maps discovered:
D:1:      lemuel_arrival_room, layout_basic, minmay_pentomino_w2
D:2:      layout_basic
D:3:      layout_loops_ring, shapermc_ecumenical_altar_venn,
          cheibrodos_sewer_entry_drain, uniq_sigmund
D:4:      minmay_wonky_spiral, layout_rooms, grunt_gozag_statues, uniq_pargi
D:5:      layout_loops_cross

Action                     || total
---------------------------++-------
  Melee: Short sword       ||    31
 Armour: Robe              ||    11
  Dodge: Dodged            ||    22

Table legend: (Time is in decaauts)
 A = Elapsed time spent in this place.
 B = Non-inter-level travel time spent in this place.
 C = Inter-level travel time spent in this place.
 D = Time resting spent in this place.
 E = Time spent auto-exploring this place.
 F = Levels seen in this place.
 G = Mean time per level.
                   A        B        C        D        E       F      G
               +--------+--------+--------+--------+--------+-----+--------+
         Total |    237 |    237 |      0 |     38 |     83 |   5 |   47.4 |
       Dungeon |    237 |    237 |      0 |     38 |     83 |   5 |   47.4 |
               +--------+--------+--------+--------+--------+-----+--------+

Top non-repeatable levels by time:
     D:1: 87 daAuts
     D:2: 80 daAuts
     D:4: 52 daAuts
     D:3: 11 daAuts
     D:5: 5 daAuts
